Panthers vs Predators

Created - November-27-14 at 17:35

Goals
1 2 3 OT1 SO T
Panthers 2 1 0 0 1 4
Predators 0 2 1 0 0 3
Shots
1 2 3 OT1 SO T
Panthers 13 12 10 4 3 39
Predators 14 9 9 2 3 34

1st period

1. Panthers , T.J. Brodie 3 (Henrik Zetterberg, David Backes) at 1:01 (PP)
2. Panthers , Henrik Zetterberg 12 (Danny DeKeyser, Shane Doan) at 2:32

Penalties :
Max Pacioretty (NSH) for Slashing (Minor) at 0:17, Nicklas Backstrom (NSH) for Roughing (Minor) at 3:53, Matt Carle (FLA) for Tripping (Minor) at 8:46, David Backes (FLA) for High sticking (Minor) at 14:17

2nd period

3. Predators , Steven Stamkos 14 (Nicklas Backstrom) at 9:31 (PP)
4. Panthers , Shane Doan 5 (Henrik Zetterberg, Niklas Hjalmarsson) at 11:36
5. Predators , Valtteri Filppula 11 (Roman Josi) at 13:53

Penalties :
Zach Bogosian (NSH) for Hooking (Minor) at 7:15, Matt Carle (FLA) for Hooking (Minor) at 9:25, Zach Bogosian (NSH) for High sticking (Minor) at 14:17

3rd period

6. Predators , Jordie Benn 2 (Steven Stamkos, T.J. Oshie) at 4:29

Penalties :
Nicklas Backstrom (NSH) for Close Hand On Puck (Minor) at 4:38

Overtime #1

No Goal

Penalties :
No Penalty

Shootout

Penalty Shot by Kyle Turris for Panthers - Goal!
Penalty Shot by Steven Stamkos for Predators - Shot Misses the Net
Penalty Shot by Rick Nash for Panthers - Stopped by Anton Khudobin
Penalty Shot by Max Pacioretty for Predators - Stopped by Ben Bishop
Penalty Shot by Henrik Zetterberg for Panthers - Shot Misses the Net
Penalty Shot by Nicklas Backstrom for Predators - Stopped by Ben Bishop

Penalties :
No Penalty

Goalie Stats

Ben Bishop (FLA), 31 saves from 34 shots - (0.912), W, 13-8-1, 65:00 minutes
Anton Khudobin (NSH), 36 saves from 39 shots - (0.923), OTL, 11-7-1, 65:00 minutes

Players Stats for Panthers

Player Name              G  A  P  +/- PIM S  H  SB GA TA FO     MP     PP MP  PK MP  
------------------------------------------------------------------------------------
Clarke MacArthur         0  0  0   0  0   1  0  0  0  0  1/1    16:10   0:00   0:05 
Danny DeKeyser           0  1  1   2  0   5  2  1  0  0  0/0    26:53   4:25   2:19 
David Backes             0  1  1   0  2   3  2  0  0  0  15/32  22:21   4:51   0:36 
Hampus Lindholm          0  0  0  -1  0   2  2  1  0  0  0/0    15:27   4:15   0:11 
Henrik Zetterberg        1  2  3   1  0   7  0  0  0  0  18/29  25:09   4:51   1:18 
Jonathan Huberdeau       0  0  0  -1  0   1  2  0  0  0  0/3    11:31   0:00   0:00 
Kyle Turris              0  0  0  -1  0   3  1  0  0  0  8/22   18:18   3:49   0:00 
Lauri Korpikoski         0  0  0   0  0   1  1  1  0  0  0/0     5:23   0:00   2:41 
Marcel Goc               0  0  0   0  0   0  0  0  0  0  6/12    5:23   0:00   2:41 
Matt Carle               0  0  0  -1  4   1  1  0  0  0  0/0    14:16   0:00   0:58 
Matt Niskanen            0  0  0  -1  0   3  2  1  0  0  0/0    26:04   4:15   0:00 
Nathan MacKinnon         0  0  0   0  0   3  0  0  0  0  0/1    18:45   0:18   0:00 
Niklas Hjalmarsson       0  1  1   2  0   1  0  2  0  0  0/0    21:48   0:00   2:22 
Patric Hornqvist         0  0  0  -1  0   4  0  0  0  0  1/2    16:07   3:49   0:47 
Rick Nash                0  0  0   1  0   1  0  0  0  0  0/0    23:01   4:51   0:00 
Rob Klinkhammer          0  0  0   0  0   0  1  0  0  0  0/0     2:42   0:00   0:00 
Shane Doan               1  1  2   1  0   1  0  0  0  0  0/1    21:05   3:31   0:00 
T.J. Brodie              1  0  1  -1  0   2  0  2  0  0  0/0    25:30   4:25   2:18 

Players Stats for Predators

Player Name              G  A  P  +/- PIM S  H  SB GA TA FO     MP     PP MP  PK MP  
------------------------------------------------------------------------------------
Anton Stralman           0  0  0   1  0   2  2  0  0  0  0/0    17:46   1:49   0:05 
Artem Anisimov           0  0  0   1  0   3  1  0  0  0  2/3    17:57   1:49   2:59 
Brandon Prust            0  0  0   0  0   1  2  0  0  0  1/1     7:56   0:00   2:59 
Casey Cizikas            0  0  0   0  0   1  0  0  0  0  9/19   10:26   0:00   5:13 
Derick Brassard          0  0  0   0  0   3  2  0  0  0  0/2    15:48   0:00   0:00 
Jaden Schwartz           0  0  0  -1  0   4  0  0  0  0  1/2    13:53   1:43   0:00 
Jordie Benn              1  0  1   0  0   4  2  0  0  0  0/0    16:18   0:00   4:17 
Justin Abdelkader        0  0  0   0  0   0  0  0  0  0  0/0     5:34   0:00   0:21 
Max Pacioretty           0  0  0  -1  2   3  1  0  0  0  2/5    21:32   2:21   0:00 
Nicklas Backstrom        0  1  1  -1  4   2  1  0  0  0  16/29  20:46   2:21   0:00 
Nikita Zadorov           0  0  0   0  0   0  1  2  0  0  0/0    21:27   0:00   4:23 
Patrik Berglund          0  0  0   1  0   1  0  0  0  0  1/1    13:09   0:00   0:00 
Roman Josi               0  1  1   1  0   1  2  0  0  0  0/0    25:01   2:15   1:51 
Steven Stamkos           1  1  2   0  0   5  0  2  0  0  7/15   20:58   2:21   0:00 
T.J. Oshie               0  1  1   0  0   1  3  0  0  0  2/3    19:04   1:43   4:37 
Valtteri Filppula        1  0  1   1  0   2  2  0  0  0  13/23  16:03   1:43   1:11 
Zach Bogosian            0  0  0  -1  4   0  2  1  0  0  0/0    24:00   2:15   2:27 
Zbynek Michalek          0  0  0  -1  0   1  0  3  0  0  0/0    23:37   0:00   4:17 

3 Stars

1 - Henrik Zetterberg (FLA)
2 - Shane Doan (FLA)
3 - Steven Stamkos (NSH)

Power Play

Panthers - 1 on 5 Attempt(s) - 20.00%
Predators - 1 on 3 Attempt(s) - 33.33%

Penalty Kill

Panthers - 2 on 3 Attempt(s) - 66.67% - Score 0 goal in Penalty Kill
Predators - 4 on 5 Attempt(s) - 80.00% - Score 0 goal in Penalty Kill

Official

Referees : Dennis LaRue and Eric Furlatt
Linesman : Lonnie Cameron and Mark Wheler

Game Notes

Jaden Schwartz is injured at 8:59 of 3rd period (Strained Right Knee)

Finance

Level 1 -- Attendance: 4913 (75.58%) -- Ticket Income $589,560
Level 2 -- Attendance: 3810 (76.20%) -- Ticket Income $312,420
Level 3 -- Attendance: 2754 (78.69%) -- Ticket Income $165,240
Level 4 -- Attendance: 1113 (100.00%) -- Ticket Income $46,746
Luxury Box -- Attendance: 1000 (100.00%) -- Ticket Income $185,000
Game was played at the Bridgestone Arena
Total Attendance: 13590 (79.41%)
Total Ticket Income: $1,298,966
Other Income: $194,845
Total Income: $1,493,811

% Time on Ice - Panthers

Lines # - Real PCT - Wanted PCT - Time Play
Normal Forward
1 - 37% - 40% - 17:34
2 - 33% - 32% - 15:29
3 - 24% - 23% - 11:31
4 - 6% - 5% - 2:42
Normal Defense
1 - 37% - 40% - 17:23
2 - 39% - 40% - 18:36
3 - 23% - 20% - 10:50
4 - 1% - 0% - 0:27
PP Forward
1 - 56% - 60% - 4:51
2 - 44% - 40% - 3:49
PP Defense
1 - 49% - 60% - 4:15
2 - 51% - 40% - 4:25
PK Forward
1 - 68% - 65% - 2:46
2 - 32% - 35% - 1:18
PK Defense
1 - 59% - 60% - 2:24
2 - 41% - 40% - 1:40
PK3 Forward
1 - 0% - 65%
2 - 0% - 35%
PK3 Defense
1 - 0% - 60%
2 - 0% - 40%
44 Forward
1 - 71% - 60% - 3:34
2 - 29% - 40% - 1:26
44 Defense
1 - 59% - 60% - 2:57
2 - 41% - 40% - 2:03
Last Minute Offensive  - 0:00
Last Minute Defensive  - 0:00
Total
Forward - 65:00
Defense - 65:00

% Time on Ice - Predators

Lines # - Real PCT - Wanted PCT - Time Play
Normal Forward
1 - 35% - 34% - 16:29
2 - 27% - 31% - 12:44
3 - 28% - 27% - 13:09
4 - 10% - 8% - 4:54
Normal Defense
1 - 34% - 33% - 15:52
2 - 36% - 32% - 16:55
3 - 25% - 25% - 12:01
4 - 5% - 10% - 2:28
PP Forward
1 - 58% - 64% - 2:21
2 - 42% - 36% - 1:43
PP Defense
1 - 55% - 60% - 2:15
2 - 45% - 40% - 1:49
PK Forward
1 - 66% - 60% - 5:41
2 - 34% - 40% - 2:59
PK Defense
1 - 49% - 60% - 4:17
2 - 51% - 40% - 4:23
PK3 Forward
1 - 0% - 60%
2 - 0% - 40%
PK3 Defense
1 - 0% - 60%
2 - 0% - 40%
44 Forward
1 - 61% - 60% - 3:02
2 - 39% - 40% - 1:58
44 Defense
1 - 52% - 60% - 2:35
2 - 48% - 40% - 2:25
Last Minute Offensive  - 0:00
Last Minute Defensive  - 0:00
Total
Forward - 65:00
Defense - 65:00

Play by Play

1st period


0:01 of 1st period - Nicklas Backstrom wins face-off versus Henrik Zetterberg in neutral zone.
0:17 of 1st period - Minor Penalty to Max Pacioretty for Slashing.
0:18 of 1st period - Casey Cizikas wins face-off versus Kyle Turris in Predators zone.
0:43 of 1st period - Shot by Patric Hornqvist.
0:43 of 1st period - Stopped by Anton Khudobin without a rebound.
0:44 of 1st period - Henrik Zetterberg wins face-off versus Casey Cizikas in Predators zone.
0:47 of 1st period - Shot by Henrik Zetterberg.
0:47 of 1st period - Shot Misses the Net.
0:57 of 1st period - Shot by Henrik Zetterberg.
0:57 of 1st period - Shot Misses the Net.
0:59 of 1st period - Shot by Henrik Zetterberg.
0:59 of 1st period - Shot Misses the Net.
1:01 of 1st period - Shot by T.J. Brodie.
1:01 of 1st period - Goal by T.J. Brodie - Panthers : 1 - Predators : 0.
1:02 of 1st period - Valtteri Filppula wins face-off versus Kyle Turris in neutral zone.
1:07 of 1st period - Shot by Artem Anisimov.
1:07 of 1st period - Stopped by Ben Bishop without a rebound.
1:08 of 1st period - Steven Stamkos wins face-off versus David Backes in Panthers zone.
1:09 of 1st period - Shot by Derick Brassard.
1:09 of 1st period - Shot Misses the Net.
1:27 of 1st period - Shot by David Backes.
1:27 of 1st period - Deflect By Nathan MacKinnon.
1:27 of 1st period - Shot Blocked by Steven Stamkos.
1:41 of 1st period - Shot by David Backes.
1:41 of 1st period - Stopped by Anton Khudobin with a rebound.
2:28 of 1st period - Shot by Henrik Zetterberg.
2:28 of 1st period - Shot Misses the Net.
2:30 of 1st period - Shot by Henrik Zetterberg.
2:30 of 1st period - Shot Misses the Net.
2:32 of 1st period - Shot by Henrik Zetterberg.
2:32 of 1st period - Goal by Henrik Zetterberg - Panthers : 2 - Predators : 0.
2:33 of 1st period - Patrik Berglund wins face-off versus Jonathan Huberdeau in neutral zone.
2:36 of 1st period - Shot by Patrik Berglund.
2:36 of 1st period - Deflect By Artem Anisimov.
2:36 of 1st period - Shot Misses the Net.
2:58 of 1st period - Shot by Valtteri Filppula.
2:58 of 1st period - Shot Misses the Net.
3:00 of 1st period - Shot by Artem Anisimov.
3:00 of 1st period - Stopped by Ben Bishop with a rebound.
3:10 of 1st period - Shot by Artem Anisimov.
3:10 of 1st period - Deflect By Valtteri Filppula.
3:10 of 1st period - Shot Blocked by Hampus Lindholm.
3:14 of 1st period - Shot by Valtteri Filppula.
3:14 of 1st period - Stopped by Ben Bishop with a rebound.
3:16 of 1st period - Shot by Valtteri Filppula.
3:16 of 1st period - Shot Misses the Net.
3:33 of 1st period - Hampus Lindholm is hit by Anton Stralman and loses puck.
3:53 of 1st period - Minor Penalty to Nicklas Backstrom for Roughing.
3:54 of 1st period - Casey Cizikas wins face-off versus David Backes in Predators zone.
4:05 of 1st period - Shot by T.J. Brodie.
4:05 of 1st period - Shot Misses the Net.
4:17 of 1st period - Shot by Danny DeKeyser.
4:17 of 1st period - Stopped by Anton Khudobin without a rebound.
4:18 of 1st period - David Backes wins face-off versus Casey Cizikas in Predators zone.
4:19 of 1st period - Shot by Danny DeKeyser.
4:19 of 1st period - Stopped by Anton Khudobin without a rebound.
4:20 of 1st period - David Backes wins face-off versus Casey Cizikas in Predators zone.
4:33 of 1st period - Shot by Henrik Zetterberg.
4:33 of 1st period - Stopped by Anton Khudobin without a rebound.
4:34 of 1st period - David Backes wins face-off versus Artem Anisimov in Predators zone.
4:34 of 1st period - David Backes is hit by Jordie Benn.
4:40 of 1st period - Shot by Matt Niskanen.
4:40 of 1st period - Stopped by Anton Khudobin without a rebound.
4:41 of 1st period - Kyle Turris wins face-off versus Casey Cizikas in Predators zone.
4:56 of 1st period - Shot by Danny DeKeyser.
4:56 of 1st period - Deflect By Kyle Turris.
4:56 of 1st period - Stopped by Anton Khudobin without a rebound.
4:57 of 1st period - David Backes wins face-off versus Casey Cizikas in Predators zone.
5:11 of 1st period - Icing by Matt Niskanen.
5:12 of 1st period - David Backes wins face-off versus Casey Cizikas in Panthers zone.
5:32 of 1st period - Shot by Henrik Zetterberg.
5:32 of 1st period - Shot Blocked by Nikita Zadorov.
5:42 of 1st period - Shot by Hampus Lindholm.
5:42 of 1st period - Shot Blocked by Zach Bogosian.
5:44 of 1st period - Shot by Matt Niskanen.
5:44 of 1st period - Stopped by Anton Khudobin with a rebound.
5:46 of 1st period - Shot by David Backes.
5:46 of 1st period - Shot Misses the Net.
5:57 of 1st period - Marcel Goc is hit by Roman Josi and loses puck.
6:08 of 1st period - Shot by Jaden Schwartz.
6:08 of 1st period - Shot Blocked by Niklas Hjalmarsson.
6:16 of 1st period - Nicklas Backstrom is hit by Rob Klinkhammer and loses puck.
6:28 of 1st period - Shot by Max Pacioretty.
6:28 of 1st period - Shot Blocked by Niklas Hjalmarsson.
6:32 of 1st period - Shot by Nicklas Backstrom.
6:32 of 1st period - Stopped by Ben Bishop without a rebound.
6:33 of 1st period - Steven Stamkos wins face-off versus Kyle Turris in Panthers zone.
7:24 of 1st period - Icing by T.J. Brodie.
7:25 of 1st period - Kyle Turris wins face-off versus Nicklas Backstrom in Panthers zone.
8:09 of 1st period - Off-side.
8:10 of 1st period - David Backes wins face-off versus Valtteri Filppula in neutral zone.
8:46 of 1st period - Minor Penalty to Matt Carle for Tripping.
8:47 of 1st period - Marcel Goc wins face-off versus Nicklas Backstrom in Panthers zone.
9:25 of 1st period - Shot by Roman Josi.
9:25 of 1st period - Stopped by Ben Bishop without a rebound.
9:26 of 1st period - Marcel Goc wins face-off versus Valtteri Filppula in Panthers zone.
10:02 of 1st period - Shot by Artem Anisimov.
10:02 of 1st period - Shot Blocked by Lauri Korpikoski.
10:45 of 1st period - Off-side.
10:46 of 1st period - Brandon Prust wins face-off versus Jonathan Huberdeau in neutral zone.
10:59 of 1st period - Shot by Jonathan Huberdeau.
10:59 of 1st period - Shot Misses the Net.
11:01 of 1st period - Shot by Hampus Lindholm.
11:01 of 1st period - Stopped by Anton Khudobin without a rebound.
11:02 of 1st period - Steven Stamkos wins face-off versus Henrik Zetterberg in Predators zone.
11:47 of 1st period - Shot by Shane Doan.
11:47 of 1st period - Shot Blocked by Steven Stamkos.
11:54 of 1st period - Icing by Zach Bogosian.
11:55 of 1st period - David Backes wins face-off versus Steven Stamkos in Predators zone.
11:58 of 1st period - Shot by Nathan MacKinnon.
11:58 of 1st period - Stopped by Anton Khudobin without a rebound.
11:59 of 1st period - Clarke MacArthur wins face-off versus Jaden Schwartz in Predators zone.
12:51 of 1st period - Icing by Jaden Schwartz.
12:52 of 1st period - Henrik Zetterberg wins face-off versus Nicklas Backstrom in Predators zone.
12:52 of 1st period - T.J. Brodie is hit by Roman Josi and loses puck.
13:08 of 1st period - Icing by Matt Niskanen.
13:09 of 1st period - Valtteri Filppula wins face-off versus Henrik Zetterberg in Panthers zone.
13:16 of 1st period - Shot by Patrik Berglund.
13:16 of 1st period - Shot Hit the Post.
13:52 of 1st period - Shot by Artem Anisimov.
13:52 of 1st period - Stopped by Ben Bishop without a rebound.
13:53 of 1st period - Steven Stamkos wins face-off versus David Backes in Panthers zone.
13:58 of 1st period - Shot by Derick Brassard.
13:58 of 1st period - Shot Blocked by Danny DeKeyser.
14:00 of 1st period - Shot by T.J. Oshie.
14:00 of 1st period - Shot Misses the Net.
14:17 of 1st period - Minor Penalty to David Backes for High sticking.
14:18 of 1st period - Nicklas Backstrom wins face-off versus Marcel Goc in Panthers zone.
14:23 of 1st period - Shot by Steven Stamkos.
14:23 of 1st period - Stopped by Ben Bishop without a rebound.
14:24 of 1st period - Marcel Goc wins face-off versus Max Pacioretty in Panthers zone.
14:30 of 1st period - Icing by Roman Josi.
14:31 of 1st period - Marcel Goc wins face-off versus Nicklas Backstrom in Predators zone.
14:34 of 1st period - Shot by Lauri Korpikoski.
14:34 of 1st period - Stopped by Anton Khudobin without a rebound.
14:35 of 1st period - Nicklas Backstrom wins face-off versus Marcel Goc in Predators zone.
14:35 of 1st period - Nicklas Backstrom is hit by Lauri Korpikoski.
16:08 of 1st period - Shot by T.J. Oshie.
16:08 of 1st period - Shot Misses the Net.
16:12 of 1st period - Shot by Jaden Schwartz.
16:12 of 1st period - Stopped by Ben Bishop without a rebound.
16:13 of 1st period - Marcel Goc wins face-off versus Nicklas Backstrom in Panthers zone.
16:35 of 1st period - Shot by Casey Cizikas.
16:35 of 1st period - Shot Misses the Net.
16:37 of 1st period - Shot by Jordie Benn.
16:37 of 1st period - Stopped by Ben Bishop without a rebound.
16:38 of 1st period - Henrik Zetterberg wins face-off versus Steven Stamkos in Panthers zone.
16:38 of 1st period - Matt Niskanen is hit by T.J. Oshie and loses puck.
16:47 of 1st period - Shot by Derick Brassard.
16:47 of 1st period - Stopped by Ben Bishop with a rebound.
16:53 of 1st period - Shot by T.J. Oshie.
16:53 of 1st period - Shot Blocked by T.J. Brodie.
17:09 of 1st period - Shot by Derick Brassard.
17:09 of 1st period - Stopped by Ben Bishop without a rebound.
17:10 of 1st period - Nicklas Backstrom wins face-off versus David Backes in Panthers zone.
17:31 of 1st period - Shot by Jaden Schwartz.
17:31 of 1st period - Stopped by Ben Bishop without a rebound.
17:32 of 1st period - Kyle Turris wins face-off versus Valtteri Filppula in Panthers zone.
17:43 of 1st period - Shot by Patric Hornqvist.
17:43 of 1st period - Shot Misses the Net.
17:57 of 1st period - Shot by Valtteri Filppula.
17:57 of 1st period - Deflect By Patrik Berglund.
17:57 of 1st period - Stopped by Ben Bishop without a rebound.
17:58 of 1st period - Henrik Zetterberg wins face-off versus Max Pacioretty in Panthers zone.
18:14 of 1st period - Icing by Jaden Schwartz.
18:15 of 1st period - David Backes wins face-off versus Nicklas Backstrom in Predators zone.
18:43 of 1st period - Icing by Matt Niskanen.
18:44 of 1st period - David Backes wins face-off versus Valtteri Filppula in Panthers zone.
19:43 of 1st period - Shot by Steven Stamkos.
19:43 of 1st period - Stopped by Ben Bishop without a rebound.
19:44 of 1st period - Nicklas Backstrom wins face-off versus Kyle Turris in Panthers zone.
19:44 of 1st period - Nicklas Backstrom is hit by Matt Carle.
19:49 of 1st period - Max Pacioretty is hit by Hampus Lindholm and loses puck.
Goals for this period are 2 for Panthers vs 0 for Predators.
Shots for this period are 13 for Panthers vs 14 for Predators.

2nd period


0:01 of 2nd period - Henrik Zetterberg wins face-off versus Max Pacioretty in neutral zone.
0:10 of 2nd period - Niklas Hjalmarsson is hit by Nicklas Backstrom and loses puck.
0:14 of 2nd period - Icing by Danny DeKeyser.
0:15 of 2nd period - Henrik Zetterberg wins face-off versus T.J. Oshie in Panthers zone.
0:22 of 2nd period - Shot by Henrik Zetterberg.
0:22 of 2nd period - Shot Blocked by Zbynek Michalek.
0:24 of 2nd period - Shot by Danny DeKeyser.
0:24 of 2nd period - Stopped by Anton Khudobin without a rebound.
0:25 of 2nd period - Nicklas Backstrom wins face-off versus David Backes in Predators zone.
0:52 of 2nd period - Shot by Nathan MacKinnon.
0:52 of 2nd period - Stopped by Anton Khudobin without a rebound.
0:53 of 2nd period - Henrik Zetterberg wins face-off versus Derick Brassard in Predators zone.
1:14 of 2nd period - Shot by Henrik Zetterberg.
1:14 of 2nd period - Shot Misses the Net.
1:24 of 2nd period - Shot by Derick Brassard.
1:24 of 2nd period - Stopped by Ben Bishop without a rebound.
1:25 of 2nd period - Valtteri Filppula wins face-off versus David Backes in Panthers zone.
1:30 of 2nd period - Shot by Roman Josi.
1:30 of 2nd period - Shot Misses the Net.
1:32 of 2nd period - Shot by Anton Stralman.
1:32 of 2nd period - Stopped by Ben Bishop without a rebound.
1:33 of 2nd period - Valtteri Filppula wins face-off versus David Backes in Panthers zone.
2:09 of 2nd period - Shot by T.J. Brodie.
2:09 of 2nd period - Stopped by Anton Khudobin without a rebound.
2:10 of 2nd period - Jaden Schwartz wins face-off versus Henrik Zetterberg in Predators zone.
2:44 of 2nd period - Shot by Max Pacioretty.
2:44 of 2nd period - Shot Misses the Net.
2:46 of 2nd period - Shot by Jordie Benn.
2:46 of 2nd period - Stopped by Ben Bishop without a rebound.
2:47 of 2nd period - Steven Stamkos wins face-off versus Kyle Turris in Panthers zone.
2:48 of 2nd period - Shot by T.J. Oshie.
2:48 of 2nd period - Shot Misses the Net.
4:07 of 2nd period - Shot by Clarke MacArthur.
4:07 of 2nd period - Shot Misses the Net.
4:09 of 2nd period - Shot by David Backes.
4:09 of 2nd period - Shot Misses the Net.
4:11 of 2nd period - Shot by Clarke MacArthur.
4:11 of 2nd period - Stopped by Anton Khudobin without a rebound.
4:12 of 2nd period - Valtteri Filppula wins face-off versus Henrik Zetterberg in Predators zone.
4:35 of 2nd period - Shot by Henrik Zetterberg.
4:35 of 2nd period - Shot Misses the Net.
4:40 of 2nd period - Icing by Valtteri Filppula.
4:41 of 2nd period - Valtteri Filppula wins face-off versus David Backes in Predators zone.
4:59 of 2nd period - David Backes is hit by Jordie Benn and loses puck.
5:05 of 2nd period - Nathan MacKinnon is hit by Nikita Zadorov and loses puck.
5:43 of 2nd period - Icing by Jordie Benn.
5:44 of 2nd period - Kyle Turris wins face-off versus Valtteri Filppula in Predators zone.
5:47 of 2nd period - Shot by Jonathan Huberdeau.
5:47 of 2nd period - Shot Misses the Net.
5:49 of 2nd period - Shot by Matt Carle.
5:49 of 2nd period - Stopped by Anton Khudobin without a rebound.
5:50 of 2nd period - Henrik Zetterberg wins face-off versus Nicklas Backstrom in Predators zone.
6:27 of 2nd period - Shot by Max Pacioretty.
6:27 of 2nd period - Shot Hit the Post.
7:15 of 2nd period - Minor Penalty to Zach Bogosian for Hooking.
7:16 of 2nd period - Casey Cizikas wins face-off versus Kyle Turris in Predators zone.
8:42 of 2nd period - Shot by Patric Hornqvist.
8:42 of 2nd period - Stopped by Anton Khudobin without a rebound.
8:43 of 2nd period - Artem Anisimov wins face-off versus David Backes in Predators zone.
8:54 of 2nd period - T.J. Brodie is hit by T.J. Oshie and loses puck.
9:03 of 2nd period - Shot by Henrik Zetterberg.
9:03 of 2nd period - Stopped by Anton Khudobin with a rebound.
9:25 of 2nd period - Shot by Nicklas Backstrom.
9:25 of 2nd period - Stopped by Ben Bishop without a rebound.
9:25 of 2nd period - Minor Penalty to Matt Carle for Hooking.
9:26 of 2nd period - Nicklas Backstrom wins face-off versus Marcel Goc in Panthers zone.
9:31 of 2nd period - Shot by Steven Stamkos.
9:31 of 2nd period - Goal by Steven Stamkos - Panthers : 2 - Predators : 1.
9:32 of 2nd period - Nicklas Backstrom wins face-off versus Kyle Turris in neutral zone.
9:32 of 2nd period - Nicklas Backstrom is hit by Jonathan Huberdeau.
9:39 of 2nd period - Shot by Jaden Schwartz.
9:39 of 2nd period - Stopped by Ben Bishop without a rebound.
9:40 of 2nd period - Patric Hornqvist wins face-off versus Steven Stamkos in Panthers zone.
9:49 of 2nd period - Shot by Matt Carle.
9:49 of 2nd period - Shot Misses the Net.
10:19 of 2nd period - Shot by Steven Stamkos.
10:19 of 2nd period - Stopped by Ben Bishop with a rebound.
11:34 of 2nd period - Shot by Henrik Zetterberg.
11:34 of 2nd period - Shot Misses the Net.
11:36 of 2nd period - Shot by Shane Doan.
11:36 of 2nd period - Goal by Shane Doan - Panthers : 3 - Predators : 1.
11:37 of 2nd period - Valtteri Filppula wins face-off versus Marcel Goc in neutral zone.
11:42 of 2nd period - Icing by Lauri Korpikoski.
11:43 of 2nd period - Marcel Goc wins face-off versus Valtteri Filppula in Panthers zone.
11:43 of 2nd period - Marcel Goc is hit by Valtteri Filppula.
11:55 of 2nd period - Icing by Niklas Hjalmarsson.
11:56 of 2nd period - Casey Cizikas wins face-off versus Marcel Goc in Panthers zone.
12:08 of 2nd period - Icing by Jordie Benn.
12:09 of 2nd period - Henrik Zetterberg wins face-off versus Casey Cizikas in Predators zone.
12:27 of 2nd period - Casey Cizikas is hit by Matt Niskanen and loses puck.
12:40 of 2nd period - Shot by Henrik Zetterberg.
12:40 of 2nd period - Stopped by Anton Khudobin without a rebound.
12:41 of 2nd period - Nicklas Backstrom wins face-off versus David Backes in Predators zone.
12:52 of 2nd period - Shot by Max Pacioretty.
12:52 of 2nd period - Shot Misses the Net.
13:08 of 2nd period - Shot by Clarke MacArthur.
13:08 of 2nd period - Shot Misses the Net.
13:10 of 2nd period - Shot by Danny DeKeyser.
13:10 of 2nd period - Shot Misses the Net.
13:12 of 2nd period - Shot by David Backes.
13:12 of 2nd period - Stopped by Anton Khudobin without a rebound.
13:13 of 2nd period - Valtteri Filppula wins face-off versus Shane Doan in Predators zone.
13:53 of 2nd period - Shot by Valtteri Filppula.
13:53 of 2nd period - Goal by Valtteri Filppula - Panthers : 3 - Predators : 2.
13:54 of 2nd period - David Backes wins face-off versus Derick Brassard in neutral zone.
13:54 of 2nd period - Niklas Hjalmarsson is hit by Derick Brassard and loses puck.
13:58 of 2nd period - Danny DeKeyser is hit by T.J. Oshie and loses puck.
14:03 of 2nd period - Zbynek Michalek is hit by David Backes and loses puck.
14:17 of 2nd period - Minor Penalty to Zach Bogosian for High sticking.
14:18 of 2nd period - Kyle Turris wins face-off versus Casey Cizikas in Predators zone.
15:37 of 2nd period - Shot by T.J. Brodie.
15:37 of 2nd period - Deflect By Henrik Zetterberg.
15:37 of 2nd period - Stopped by Anton Khudobin without a rebound.
15:38 of 2nd period - Artem Anisimov wins face-off versus David Backes in Predators zone.
16:56 of 2nd period - Shot by Marcel Goc.
16:56 of 2nd period - Shot Misses the Net.
17:06 of 2nd period - Shot by Danny DeKeyser.
17:06 of 2nd period - Stopped by Anton Khudobin without a rebound.
17:07 of 2nd period - Valtteri Filppula wins face-off versus Kyle Turris in Predators zone.
17:07 of 2nd period - Valtteri Filppula is hit by Kyle Turris.
17:37 of 2nd period - Artem Anisimov is hit by Matt Niskanen and loses puck.
17:58 of 2nd period - Icing by Zbynek Michalek.
17:59 of 2nd period - Henrik Zetterberg wins face-off versus Valtteri Filppula in Predators zone.
18:03 of 2nd period - Icing by Zach Bogosian.
18:04 of 2nd period - Valtteri Filppula wins face-off versus Henrik Zetterberg in Predators zone.
18:06 of 2nd period - Icing by Zbynek Michalek.
18:07 of 2nd period - Valtteri Filppula wins face-off versus Henrik Zetterberg in Predators zone.
19:30 of 2nd period - Shot by Max Pacioretty.
19:30 of 2nd period - Stopped by Ben Bishop without a rebound.
19:31 of 2nd period - David Backes wins face-off versus Casey Cizikas in Panthers zone.
19:31 of 2nd period - David Backes is hit by Brandon Prust.
19:36 of 2nd period - T.J. Brodie is hit by Brandon Prust and loses puck.
Goals for this period are 1 for Panthers vs 2 for Predators.
Shots for this period are 12 for Panthers vs 9 for Predators.

3rd period


0:01 of 3rd period - Henrik Zetterberg wins face-off versus Nicklas Backstrom in neutral zone.
0:06 of 3rd period - Icing by Nikita Zadorov.
0:07 of 3rd period - Nicklas Backstrom wins face-off versus Henrik Zetterberg in Predators zone.
0:11 of 3rd period - Icing by Jordie Benn.
0:12 of 3rd period - Henrik Zetterberg wins face-off versus Nicklas Backstrom in Predators zone.
0:30 of 3rd period - Nicklas Backstrom is hit by Danny DeKeyser and loses puck.
0:38 of 3rd period - Icing by Niklas Hjalmarsson.
0:39 of 3rd period - Henrik Zetterberg wins face-off versus Steven Stamkos in Panthers zone.
0:43 of 3rd period - Off-side.
0:44 of 3rd period - Steven Stamkos wins face-off versus David Backes in neutral zone.
2:17 of 3rd period - Rick Nash is hit by Max Pacioretty and loses puck.
2:59 of 3rd period - Artem Anisimov is hit by Danny DeKeyser.
3:05 of 3rd period - Henrik Zetterberg is hit by Valtteri Filppula and loses puck.
3:25 of 3rd period - Henrik Zetterberg is hit by Anton Stralman and loses puck.
3:46 of 3rd period - Shot by Anton Stralman.
3:46 of 3rd period - Stopped by Ben Bishop with a rebound.
3:48 of 3rd period - Shot by Brandon Prust.
3:48 of 3rd period - Stopped by Ben Bishop without a rebound.
3:49 of 3rd period - T.J. Oshie wins face-off versus Jonathan Huberdeau in Panthers zone.
4:16 of 3rd period - Shot by Patric Hornqvist.
4:16 of 3rd period - Stopped by Anton Khudobin with a rebound.
4:27 of 3rd period - Shot by Jordie Benn.
4:27 of 3rd period - Stopped by Ben Bishop with a rebound.
4:29 of 3rd period - Shot by Jordie Benn.
4:29 of 3rd period - Goal by Jordie Benn - Panthers : 3 - Predators : 3.
4:30 of 3rd period - Max Pacioretty wins face-off versus Marcel Goc in neutral zone.
4:35 of 3rd period - Shot by Zach Bogosian.
4:35 of 3rd period - Shot Misses the Net.
4:38 of 3rd period - Minor Penalty to Nicklas Backstrom for Close Hand On Puck.
4:39 of 3rd period - Casey Cizikas wins face-off versus Kyle Turris in Predators zone.
4:46 of 3rd period - Shot by Hampus Lindholm.
4:46 of 3rd period - Stopped by Anton Khudobin without a rebound.
4:47 of 3rd period - David Backes wins face-off versus Casey Cizikas in Predators zone.
4:56 of 3rd period - Shot by David Backes.
4:56 of 3rd period - Stopped by Anton Khudobin with a rebound.
5:08 of 3rd period - Shot by Matt Niskanen.
5:08 of 3rd period - Shot Misses the Net.
5:45 of 3rd period - Shot by Kyle Turris.
5:45 of 3rd period - Shot Blocked by Zbynek Michalek.
6:01 of 3rd period - Shot by Patric Hornqvist.
6:01 of 3rd period - Stopped by Anton Khudobin without a rebound.
6:02 of 3rd period - Casey Cizikas wins face-off versus Kyle Turris in Predators zone.
6:10 of 3rd period - Icing by T.J. Brodie.
6:11 of 3rd period - Casey Cizikas wins face-off versus Patric Hornqvist in Panthers zone.
7:04 of 3rd period - Shot by Jaden Schwartz.
7:04 of 3rd period - Stopped by Ben Bishop without a rebound.
7:05 of 3rd period - David Backes wins face-off versus Valtteri Filppula in Panthers zone.
8:04 of 3rd period - Icing by T.J. Brodie.
8:05 of 3rd period - Kyle Turris wins face-off versus Steven Stamkos in Panthers zone.
8:39 of 3rd period - Icing by Anton Stralman.
8:40 of 3rd period - T.J. Oshie wins face-off versus Henrik Zetterberg in Predators zone.
8:49 of 3rd period - Shot by T.J. Oshie.
8:49 of 3rd period - Shot Misses the Net.
8:51 of 3rd period - Shot by Derick Brassard.
8:51 of 3rd period - Shot Misses the Net.
8:53 of 3rd period - Shot by T.J. Oshie.
8:53 of 3rd period - Stopped by Ben Bishop without a rebound.
8:54 of 3rd period - Nicklas Backstrom wins face-off versus David Backes in Panthers zone.
8:58 of 3rd period - Jaden Schwartz is hit by Hampus Lindholm and loses puck.
8:59 of 3rd period - Jaden Schwartz from Predators is injured at 8:59 of 3rd period (Strained Right Knee).
9:00 of 3rd period - Nicklas Backstrom wins face-off versus Henrik Zetterberg in Panthers zone.
9:23 of 3rd period - Shot by Max Pacioretty.
9:23 of 3rd period - Shot Misses the Net.
9:25 of 3rd period - Shot by Max Pacioretty.
9:25 of 3rd period - Stopped by Ben Bishop without a rebound.
9:26 of 3rd period - Valtteri Filppula wins face-off versus David Backes in Panthers zone.
9:27 of 3rd period - Shot by Roman Josi.
9:27 of 3rd period - Shot Blocked by Matt Niskanen.
9:29 of 3rd period - Shot by Artem Anisimov.
9:29 of 3rd period - Shot Misses the Net.
9:59 of 3rd period - T.J. Brodie is hit by Artem Anisimov and loses puck.
10:31 of 3rd period - Icing by Zach Bogosian.
10:32 of 3rd period - Henrik Zetterberg wins face-off versus Nicklas Backstrom in Predators zone.
10:32 of 3rd period - Henrik Zetterberg is hit by Zach Bogosian.
10:36 of 3rd period - Shot by Rick Nash.
10:36 of 3rd period - Stopped by Anton Khudobin without a rebound.
10:37 of 3rd period - Henrik Zetterberg wins face-off versus Nicklas Backstrom in Predators zone.
11:08 of 3rd period - Icing by Jordie Benn.
11:09 of 3rd period - Nicklas Backstrom wins face-off versus Kyle Turris in Predators zone.
11:09 of 3rd period - Jordie Benn is hit by Jonathan Huberdeau and loses puck.
11:38 of 3rd period - Shot by Patric Hornqvist.
11:38 of 3rd period - Shot Misses the Net.
11:40 of 3rd period - Shot by Kyle Turris.
11:40 of 3rd period - Shot Misses the Net.
11:44 of 3rd period - Shot by Patric Hornqvist.
11:44 of 3rd period - Deflect By Kyle Turris.
11:44 of 3rd period - Stopped by Anton Khudobin without a rebound.
11:45 of 3rd period - Henrik Zetterberg wins face-off versus Valtteri Filppula in Predators zone.
12:38 of 3rd period - Icing by Zach Bogosian.
12:39 of 3rd period - Valtteri Filppula wins face-off versus David Backes in Predators zone.
13:28 of 3rd period - Shot by Casey Cizikas.
13:28 of 3rd period - Stopped by Ben Bishop with a rebound.
13:30 of 3rd period - Shot by Brandon Prust.
13:30 of 3rd period - Shot Misses the Net.
13:59 of 3rd period - Shot by Kyle Turris.
13:59 of 3rd period - Stopped by Anton Khudobin with a rebound.
14:25 of 3rd period - Icing by Matt Carle.
14:26 of 3rd period - Nicklas Backstrom wins face-off versus Kyle Turris in Panthers zone.
14:46 of 3rd period - Icing by Zach Bogosian.
14:47 of 3rd period - Henrik Zetterberg wins face-off versus Nicklas Backstrom in Predators zone.
15:23 of 3rd period - Shot by Rick Nash.
15:23 of 3rd period - Shot Misses the Net.
15:29 of 3rd period - Shot by Henrik Zetterberg.
15:29 of 3rd period - Shot Misses the Net.
15:31 of 3rd period - Shot by Danny DeKeyser.
15:31 of 3rd period - Stopped by Anton Khudobin without a rebound.
15:32 of 3rd period - David Backes wins face-off versus Valtteri Filppula in Predators zone.
16:07 of 3rd period - Shot by Nathan MacKinnon.
16:07 of 3rd period - Shot Misses the Net.
16:09 of 3rd period - Shot by Nathan MacKinnon.
16:09 of 3rd period - Shot Misses the Net.
16:51 of 3rd period - Shot by Hampus Lindholm.
16:51 of 3rd period - Shot Blocked by Zbynek Michalek.
17:03 of 3rd period - Shot by Jonathan Huberdeau.
17:03 of 3rd period - Stopped by Anton Khudobin without a rebound.
17:04 of 3rd period - Nicklas Backstrom wins face-off versus Henrik Zetterberg in Predators zone.
17:27 of 3rd period - Shot by Henrik Zetterberg.
17:27 of 3rd period - Shot Misses the Net.
17:48 of 3rd period - Off-side.
17:49 of 3rd period - Casey Cizikas wins face-off versus David Backes in neutral zone.
17:51 of 3rd period - Zbynek Michalek is hit by David Backes and loses puck.
18:00 of 3rd period - Shot by Casey Cizikas.
18:00 of 3rd period - Shot Blocked by T.J. Brodie.
18:07 of 3rd period - Clarke MacArthur is hit by Zach Bogosian and loses puck.
18:12 of 3rd period - Shot by Nathan MacKinnon.
18:12 of 3rd period - Shot Misses the Net.
18:16 of 3rd period - Shot by Clarke MacArthur.
18:16 of 3rd period - Shot Misses the Net.
18:18 of 3rd period - Shot by Nathan MacKinnon.
18:18 of 3rd period - Shot Misses the Net.
18:25 of 3rd period - Icing by Zach Bogosian.
18:26 of 3rd period - Casey Cizikas wins face-off versus Kyle Turris in Predators zone.
19:29 of 3rd period - Shot by Steven Stamkos.
19:29 of 3rd period - Stopped by Ben Bishop without a rebound.
19:30 of 3rd period - Henrik Zetterberg wins face-off versus Nicklas Backstrom in Panthers zone.
19:40 of 3rd period - Shot by Max Pacioretty.
19:40 of 3rd period - Shot Misses the Net.
19:52 of 3rd period - Shot by Matt Niskanen.
19:52 of 3rd period - Stopped by Anton Khudobin with a rebound.
Goals for this period are 0 for Panthers vs 1 for Predators.
Shots for this period are 10 for Panthers vs 9 for Predators.

Overtime #1


0:01 of 1st overtime period - Steven Stamkos wins face-off versus Nathan MacKinnon in neutral zone.
0:08 of 1st overtime period - Shot by Max Pacioretty.
0:08 of 1st overtime period - Shot Misses the Net.
0:53 of 1st overtime period - Icing by Matt Niskanen.
0:54 of 1st overtime period - Kyle Turris wins face-off versus Steven Stamkos in Panthers zone.
0:58 of 1st overtime period - Icing by Kyle Turris.
0:59 of 1st overtime period - Kyle Turris wins face-off versus Steven Stamkos in Panthers zone.
1:23 of 1st overtime period - Shot by Max Pacioretty.
1:23 of 1st overtime period - Stopped by Ben Bishop without a rebound.
1:24 of 1st overtime period - Nicklas Backstrom wins face-off versus David Backes in Panthers zone.
1:41 of 1st overtime period - Henrik Zetterberg is hit by Derick Brassard and loses puck.
1:50 of 1st overtime period - Shot by Henrik Zetterberg.
1:50 of 1st overtime period - Stopped by Anton Khudobin with a rebound.
1:52 of 1st overtime period - Shot by Niklas Hjalmarsson.
1:52 of 1st overtime period - Stopped by Anton Khudobin without a rebound.
1:53 of 1st overtime period - Max Pacioretty wins face-off versus Kyle Turris in Predators zone.
2:18 of 1st overtime period - Shot by Kyle Turris.
2:18 of 1st overtime period - Deflect By Nathan MacKinnon.
2:18 of 1st overtime period - Stopped by Anton Khudobin without a rebound.
2:19 of 1st overtime period - David Backes wins face-off versus Steven Stamkos in Predators zone.
2:40 of 1st overtime period - Shot by Henrik Zetterberg.
2:40 of 1st overtime period - Stopped by Anton Khudobin with a rebound.
2:42 of 1st overtime period - Shot by Henrik Zetterberg.
2:42 of 1st overtime period - Shot Blocked by Nikita Zadorov.
2:48 of 1st overtime period - Shot by Matt Niskanen.
2:48 of 1st overtime period - Shot Misses the Net.
3:52 of 1st overtime period - Shot by Nicklas Backstrom.
3:52 of 1st overtime period - Shot Misses the Net.
3:54 of 1st overtime period - Shot by Zbynek Michalek.
3:54 of 1st overtime period - Stopped by Ben Bishop with a rebound.
4:30 of 1st overtime period - Shot by Kyle Turris.
4:30 of 1st overtime period - Shot Misses the Net.
4:54 of 1st overtime period - Shot by Justin Abdelkader.
4:54 of 1st overtime period - Shot Misses the Net.
Goals for this period are 0 for Panthers vs 0 for Predators.
Shots for this period are 4 for Panthers vs 2 for Predators.

ShootOut


5:00 of 1st overtime period - Penalty Shot by Kyle Turris for Panthers.
5:00 of 1st overtime period - Goal by Kyle Turris.
5:00 of 1st overtime period - Penalty Shot by Steven Stamkos for Predators.
5:00 of 1st overtime period - Shot Misses the Net.
5:00 of 1st overtime period - Penalty Shot by Rick Nash for Panthers.
5:00 of 1st overtime period - Stopped by Anton Khudobin.
5:00 of 1st overtime period - Penalty Shot by Max Pacioretty for Predators.
5:00 of 1st overtime period - Stopped by Ben Bishop.
5:00 of 1st overtime period - Penalty Shot by Henrik Zetterberg for Panthers.
5:00 of 1st overtime period - Shot Misses the Net.
5:00 of 1st overtime period - Penalty Shot by Nicklas Backstrom for Predators.
5:00 of 1st overtime period - Stopped by Ben Bishop.


Output by the SimonT Hockey Simulator (STHS) for Stephane Roy -- Original Page W3C XHTML 1.0 Valid
Hockey Simulator - Hockey Simulation - Hockey Manager